 Dungeon Crawl Stone Soup version 0.31-a0-45-g5f0c076935 (webtiles) character file.

Game seed: 7483398524040452521

4428 loir the Thaumaturge (level 10, 0/77 HPs)
             Began as a Djinni Fire Elementalist on June 29, 2022.
             Was an Initiate of Makhleb.
             Slain by a death yak (24 damage)
             ... on level 8 of the Dungeon on May 22, 2023.
             The game lasted 01:07:50 (7548 turns).

loir the Thaumaturge (Djinni Fire Elementalist)     Turns: 7548, Time: 01:07:50

Health: 0/77       AC:  6    Str:  7    XL:     10   Next: 62%
Gold:   292        EV: 13    Int: 21    God:    Makhleb [......] SH:  0 Dex: 20

rFire   + + .        t - +2 dagger (holy)
rCold   x . .        (no shield)
rNeg    . . .        A - +2 robe {Archmagi}
rPois   ∞            v - +0 hat
rElec   .            H - +0 cloak
rCorr   .            e - +0 pair of gloves
SInv    .            (boots unavailable)
Will    +....        y - amulet of regeneration
Stlth   ++           l - ring of wizardry
HPRegen 1.12/turn    k - +6 ring of dexterity
MPRegen 0.00/turn

%: wizardry (x1), archmagi, infuse magic (-1 HP)
@: about to teleport, flying
A: sickness immunity, fire resistance 2, cold vulnerability 1, float, innate
caster, HP casting, extra vitality 1
a: Renounce Religion


You were on level 8 of the Dungeon.
You worshipped Makhleb.
Makhleb was noncommittal.
You visited 2 branches of the dungeon, and saw 9 of its levels.

You collected 292 gold pieces.

Inventory:

Hand Weapons
 d - a +4 rapier of holy wrath
 i - a +1 dagger of draining
 q - a +0 spear of distortion
 t - a +2 dagger of holy wrath (weapon)
 F - a +1 dagger of holy wrath
 O - a +3 scimitar
Missiles
 f - 3 poisoned darts
 h - 41 stones
 p - 2 throwing nets
 w - 5 atropa-tipped darts
Armour
 a - a +1 robe
 e - a +0 pair of gloves (worn)
 o - the +0 ring mail of Leosota {Will+}
   (You found it on level 4 of the Dungeon)

   Will:      It increases your willpower.
 s - an orb of guile
 v - a +0 hat (worn)
 A - a +2 robe of the Archmagi (worn)
 D - a +0 leather armour of fire resistance
 H - a +0 cloak (worn)
 N - +0 steam dragon scales
Jewellery
 k - a +6 ring of dexterity (right hand)
 l - a ring of wizardry (left hand)
 n - a +4 ring of evasion
 y - an amulet of regeneration (around neck)
Wands
 j - a wand of mindburst (16)
 m - a wand of flame (27)
 B - a wand of light (10)
 E - a wand of polymorph (8)
Scrolls
 b - 3 scrolls of teleportation
 g - a scroll of fear
 r - 2 scrolls of fog
 u - 2 scrolls of poison {unknown}
 I - a scroll of enchant weapon
 K - a scroll of blinking
 M - a scroll of amnesia {unknown}
 P - a scroll of magic mapping
Potions
 c - 6 potions of curing
 x - a potion of mutation
 z - a potion of ambrosia
 C - a potion of haste
 G - a potion of heal wounds
 J - 2 potions of cancellation {unknown}
 L - 2 potions of flight {unknown}


   Skills:
 + Level 8.5 Fighting
 - Level 2.1 Dodging
 - Level 1.5 Stealth
 * Level 9.7 Spellcasting


You knew the following spells:

 Your Spells              Type           Power      Damage    Failure   Level
a - Foxfire               Conj/Fire      100%       2x1d9     1%          1
b - Scorch                Fire           100%       2d9       1%          2
c - Passage of Golubria   Tloc           67%        N/A       1%          4
d - Inner Flame           Hex/Fire       67%        N/A       1%          3
e - Flame Wave            Conj/Fire      67%        2d15      1%          4
f - Summon Small Mammal   Summ           100%       N/A       1%          1
g - Passwall              Tmut/Erth      55%        N/A       1%          2
h - Blink                 Tloc           100%       N/A       1%          2
i - Passage of Golubria   Tloc           67%        N/A       1%          4
Your spell library was empty.

Dungeon Overview and Level Annotations

Branches:
Dungeon (8/15)             Temple (1/1) D:7            Lair (0/6) D:8

Altars:
Makhleb
Nemelex Xobeh
Uskayaw
Wu Jian

Shops:
D:6 (


Innate Abilities, Weirdness & Mutations

You are immune to sickness and miasma.
You are immune to poison.
Your flesh is very heat resistant. (rF++)
You are vulnerable to cold. (rC-)
You float through the air rather than walking.
You learn spells naturally, not from books.
Your magical power is your life essence.
You have superior vitality. (+4 MHP)


Message History

The flame wave engulfs the death yak.
The death yak is lightly wounded. (Press . to intensify the flame waves.)
The death yak barely misses you.
A wave of flame ripples out!
The flame wave engulfs the death yak!
The death yak is moderately wounded.
The flame wave engulfs the yak!
The yak is burned terribly!
You kill the yak!
Makhleb accepts your kill.
The flame wave engulfs the yak!!
The yak is burned terribly!
You kill the yak!
Makhleb accepts your kill. The death yak misses you.
A gnoll comes into view. It is wielding a +0 spear.
A wave of flame ripples out!
The flame wave engulfs the death yak!
The death yak is heavily wounded.
The flame wave engulfs the death yak!!
The death yak is heavily wounded.
The flame wave engulfs the gnoll!
You kill the gnoll!
Makhleb accepts your kill. x2
You feel a bit more experienced.
The flame wave engulfs the gnoll bouda!
The gnoll bouda is severely wounded.
You finish channelling waves of flame.
The death yak gores you!!
* * * LOW HITPOINT WARNING * * *
The gnoll bouda barks out a call to the hunt!
The gnoll picks up the pace!
The death yak attacks as you move away! The death yak closely misses you.
The gnoll bouda gazes fiercely through you!
You feel your attacks grow feeble.
The gnoll bouda barks out a call to the hunt!
The gnoll picks up the pace!
The gnoll bouda utters an invocation to its god.
The gnoll bouda is healed somewhat.
As you read the scroll of teleportation, it crumbles to dust.
You feel strangely unstable.
Your attacks no longer feel as feeble.
The death yak barely misses you. The death yak attacks as you move away!
The death yak gores you!!
You die...

#.# #####.### #.# #.#
#####.......# #.#
#.####...#.#.....# #.#
#................# #.#
######...#.###.#.##########.#
#####.# #..............#
#.###.#.############
#.......# #####@### #Y# #Y#
#Y# ####.# #..†g# #.##.#


oY gg. ... ..... You could see 3 death yaks, a gnoll bouda and 2 gnolls.

Vanquished Creatures
  Pikel (D:6)
  Joseph (D:7)
  Prince Ribbit (D:6)
  Grinder (D:5)
  Sigmund (D:3)
  Eustachio (D:6)
  2 yaks (D:8)
  A steam dragon (D:7)
  The ghost of blackman the Slasher, an amateur HuWr (D:4)
  Menkaure (D:5)
  Duvessa (D:6)
  2 black bears (D:5)
  2 ogres
  A centaur (D:7)
  A lemure (D:6)
  Blork the orc (D:5)
  2 bullfrogs
  A gnoll sergeant (D:6)
  3 scorpions
  5 wights (D:8)
  Dowan (D:6)
  A howler monkey (D:6)
  3 jellies
  2 hounds
  A gnoll bouda (D:4)
  7 orc priests
  3 sleepcaps
  4 iguanas
  3 orc wizards (D:5)
  9 gnolls
  9 adders
  3 white imps
  3 ufetubi
  A dart slug (D:3)
  16 orcs
  8 ball pythons
  4 bats
  5 endoplasms
  5 giant cockroaches
  9 goblins
  8 hobgoblins
  5 jackals
  5 quokkas
  2 frilled lizards
  6 kobolds
  3 rats
156 creatures vanquished.

Vanquished Creatures (others)
  483 foxfires
483 creatures vanquished.

Grand Total: 639 creatures vanquished

Notes
Turn   | Place    | Note
-------+----------+-------------------------------------------
     0 | D:1      | loir the Djinni Fire Elementalist began the quest for the
                  | Orb.
     0 | D:1      | loir set off with the following spells memorised: Foxfire,
                  | Scorch, Conjure Flame, Inner Flame, Flame Wave.
     0 | D:1      | Reached XP level 1. HP: 15/15 MP: 0/0
   185 | D:1      | Reached XP level 2. HP: 20/22 MP: 0/0
   552 | D:1      | Reached skill level 1 in Fighting
   834 | D:1      | Reached XP level 3. HP: 19/27 MP: 0/0
   834 | D:1      | Learned a level 1 spell: Summon Small Mammal
   836 | D:1      | Reached skill level 3 in Spellcasting
  1602 | D:2      | Reached XP level 4. HP: 27/32 MP: 0/0
  2019 | D:2      | Upgraded the game from 0.29-a0-732-g3d7fbe0af2 to
                  | 0.29-a0-841-g116ddc6ace
  2101 | D:2      | Found a faded altar of an unknown god.
  2848 | D:3      | Reached XP level 5. HP: 35/38 MP: 0/0
  2848 | D:3      | Learned a level 2 spell: Passwall
  3051 | D:3      | Reached skill level 4 in Spellcasting
  3338 | D:3      | Noticed Sigmund
  3349 | D:3      | Killed Sigmund
  3350 | D:3      | Reached XP level 6. HP: 25/46 MP: 0/0
  3775 | D:4      | Reached XP level 7. HP: 47/50 MP: 0/0
  3775 | D:4      | Learned a level 2 spell: Blink
  3821 | D:4      | Identified the +0 ring mail of Leosota {Will+}
  3842 | D:4      | Reached skill level 5 in Spellcasting
  4374 | D:4      | Reached XP level 8. HP: 54/58 MP: 0/0
  4459 | D:4      | Found a runed translucent gate.
  4459 | D:4      | Noticed blackman's ghost (amateur HuWr)
  4460 | D:4      | Found a runed translucent gate.
  4460 | D:4      | Identified the +3 short sword "Giantbane" {vorpal, rElec
                  | rC+ Dex-2}
  4461 | D:4      | Found a runed translucent gate.
  4671 | D:4      | Upgraded the game from 0.29-a0-841-g116ddc6ace to
                  | 0.31-a0-44-g49d609d0da
  4671 | D:4      | Upgraded the game from 0.31-a0-44-g49d609d0da to
                  | 0.31-a0-45-g5f0c076935
  4684 | D:4      | Killed blackman's ghost
  4685 | D:4      | Reached skill level 6 in Spellcasting
  4808 | D:5      | Entered Level 5 of the Dungeon
  4808 | D:5      | Noticed Menkaure
  4814 | D:5      | Reached skill level 5 in Fighting
  4816 | D:5      | Killed Menkaure
  4819 | D:5      | Noticed Grinder
  4824 | D:5      | Killed Grinder
  4905 | D:5      | Reached skill level 7 in Spellcasting
  4906 | D:5      | Noticed Blork the orc
  4911 | D:5      | Killed Blork the orc
  4912 | D:5      | Reached XP level 9. HP: 53/66 MP: 0/0
  4912 | D:5      | Learned a level 4 spell: Passage of Golubria
  5626 | D:6      | Found Peitu's Weapon Shop.
  5904 | D:6      | Noticed Eustachio
  5918 | D:6      | Killed Eustachio
  5940 | D:6      | Reached skill level 8 in Spellcasting
  6009 | D:6      | Noticed Pikel
  6018 | D:6      | Killed Pikel
  6084 | D:6      | Noticed Duvessa
  6085 | D:6      | Noticed Dowan
  6093 | D:6      | Killed Dowan
  6097 | D:6      | Killed Duvessa
  6098 | D:6      | Reached XP level 10. HP: 67/75 MP: 0/0
  6205 | D:6      | Noticed Prince Ribbit
  6214 | D:6      | Killed Prince Ribbit
  6604 | D:7      | Reached skill level 9 in Spellcasting
  6728 | D:7      | Found a staircase to the Ecumenical Temple.
  6744 | D:7      | Noticed Joseph
  6745 | Temple   | Entered the Ecumenical Temple
  6753 | Temple   | Became a worshipper of Makhleb the Destroyer
  6772 | D:7      | Killed Joseph
  7231 | D:7      | Found an ornate altar of the Wu Jian Council.
  7528 | D:8      | Noticed a death yak
  7528 | D:8      | Noticed a death yak
  7529 | D:8      | Found a staircase to the Lair.
  7534 | D:8      | Noticed a death yak
  7548 | D:8      | Slain by a death yak

Illustrated notes

Levels and vault maps discovered:
D:1:      zelgadis_glass_arrival_small, layout_basic,
          chequers_serial_rivers_large_b
D:2:      layout_loops_cross, dreamdust_ecumenical_altar_angels_and_demons,
          serial_rivers, chequers_serial_rivers_room_b,
          chequers_serial_rivers_room_b, chequers_serial_rivers_small_b,
          chequers_serial_rivers_small_b, grunt_ministairs_12
D:3:      layout_loops_ring, uniq_sigmund
D:4:      layout_loops_ring, biasface_ghost_orc_armoury, corexii_hall_statues_t
D:5:      layout_rooms, chequers_serial_rivers_marsh, st_stairs_1, nrook_uturn,
          hangedman_abyss_or_decor_stagger, uniq_menkaure, uniq_grinder,
          uniq_blork_the_orc
D:6:      layout_loops_ring, nicolae_overflow_crystal_walls, serial_shops,
          nicolae_take_the_stairs, minmay_misc_feat_more_columns,
          nicolae_figureground_pulse, uniq_pikel, uniq_prince_ribbit1,
          uniq_duvessa, uniq_eustachio
D:7:      layout_loops_ring, nzn_wu_jian_contemplation,
          minmay_temple_entry_arrows, wad_floor_pattern_untrapped, uniq_joseph
D:8:      layout_loops_corners, dpeg_lair_monsters, gammafunk_ghost_arena,
          st_stairs_5
Temple:   eino_wide_crystal_templ

Skill      XL: |  1  2  3  4  5  6  7  8  9 10 |
---------------+-------------------------------+-----
Fighting       | 1 2 3 4 5 7 8 |  8.5
Spellcasting   | 3 4 5 7 8 9 |  9.7
Dodging        | |  2.1
Stealth        | |  1.5

Action                     |  1- 3 |  4- 6 |  7- 9 | 10-12 || total
---------------------------+-------+-------+-------+-------++-------
  Melee: Dagger            |       |       |     1 |       ||     1
   Cast: Foxfire           |    41 |    64 |   147 |    50 ||   302
         Scorch            |    18 |    17 |    39 |    35 ||   109
         Conjure Flame     |       |     1 |       |       ||     1
         Summon Small Mamm |       |     1 |     2 |     1 ||     4
         Flame Wave        |       |       |     2 |     1 ||     3
         Inner Flame       |       |       |     1 |     2 ||     3
  Evoke: Wand              |       |       |     2 |       ||     2
    Use: Scroll            |       |    10 |     3 |     2 ||    15
 Armour: Robe              |     2 |     1 |     5 |     2 ||    10
         Skin              |       |       |     5 |       ||     5
  Dodge: Dodged            |     5 |     5 |     8 |    17 ||    35

Table legend: (Time is in decaauts)
 A = Elapsed time spent in this place.
 B = Non-inter-level travel time spent in this place.
 C = Inter-level travel time spent in this place.
 D = Time resting spent in this place.
 E = Time spent auto-exploring this place.
 F = Levels seen in this place.
 G = Mean time per level.
                   A        B        C        D        E       F      G
               +--------+--------+--------+--------+--------+-----+--------+
         Total |   7544 |   7124 |    420 |   1075 |   5137 |   9 |  838.2 |
       Dungeon |   7527 |   7121 |    406 |   1075 |   5137 |   8 |  940.9 |
        Temple |     16 |      2 |     14 |      0 |      0 |   1 |   16.0 |
               +--------+--------+--------+--------+--------+-----+--------+

Top non-repeatable levels by time:
     D:1: 1263 daAuts
     D:4: 1228 daAuts
     D:3: 1175 daAuts
     D:2: 1138 daAuts
     D:6: 975 daAuts
     D:5: 806 daAuts
     D:7: 718 daAuts
     D:8: 221 daAuts
  Temple: 16 daAuts
